 Dungeon Crawl Stone Soup version 0.13-a0-2484-gc765b08 (webtiles) character file.

512 Rycklaryybbe the Slicer (level 7, -10/42 HPs)
             Began as a Kobold Berserker on July 20, 2013.
             Was a Believer of Trog.
             Killed from afar by a goblin (21 damage)
             ... with a wand of draining
             ... on Level 3 of the Dungeon.
             The game lasted 00:06:14 (3049 turns).

Rycklaryybbe the Slicer (Kobold Berserker)          Turns: 3049, Time: 00:06:14

HP -10/42        AC  2     Str 18      XL: 7   Next:  2%
MP  15/15        EV 14     Int  5      God: Trog [**....]
Gold 139         SH  0     Dex 15      Spells:  0 memorised,  6 levels left

Res.Fire  : . . .   See Invis. : .   a - +0 short sword
Res.Cold  : . . .   Warding    : .   l - +0 robe
Life Prot.: . . .   Conserve   : .   (no shield)
Res.Poison: .       Res.Corr.  : .   (no helmet)
Res.Elec. : .       Clarity    : +   (no cloak)
Sust.Abil.: . .     Spirit.Shd : .   (no gloves)
Res.Mut.  : .       Stasis     : .   (no boots)
Res.Rott. : .       Flight     : .   c - amulet of clarity {unknown}
Saprovore : + + .                    (no ring)
                                     r - ring of magical power

@: heavily drained, slightly resistant to hostile enchantments, unstealthy
A: disease resistance, carnivore 3, saprovore 2
a: Burn Spellbooks, Berserk, Trog's Hand, Renounce Religion


You were on level 3 of the Dungeon.
You worshipped Trog.
Trog was greatly pleased with you.
You were very full.

You visited 1 branch of the dungeon, and saw 3 of its levels.

You collected 119 gold pieces.

Inventory:

Hand weapons
 a - a +0,+0 short sword (weapon)
 b - a +0 blowgun
 s - a +0,+0 club (quivered)
Missiles
 t - 2 darts
 v - 36 poisoned needles
Armour
 f - a +0 animal skin
 l - a +0 robe (worn)
 u - a +0 animal skin
Magical devices
 q - a wand of magic darts (12)
Scrolls
 e - 2 scrolls of blinking {unknown}
 h - 3 scrolls of identify {unknown}
 k - 2 scrolls of teleportation {unknown}
 m - a scroll of fog {unknown}
 n - a scroll of enchant weapon I {unknown}
 o - 2 scrolls of remove curse {unknown}
 p - 2 scrolls of noise {unknown}
 w - a scroll of recharging {unknown}
 x - a scroll of random uselessness {unknown}
Jewellery
 c - an amulet of clarity (around neck) {unknown}
 r - a ring of magical power (left hand)
Potions
 d - a potion of restore abilities {unknown}
 g - 2 potions of heal wounds {unknown}
 i - a potion of degeneration {unknown}
 j - 3 potions of curing
 z - a potion of brilliance {unknown}


   Skills:
 - Level 3.2(2.0) Fighting
 + Level 9.6(8.2) Short Blades
 - Level 1.5(0.3) Armour
 - Level 2.4(1.2) Dodging


You had 6 spell levels left.
You didn't know any spells.

Dungeon Overview and Level Annotations

Branches:
Dungeon (3/27)

Altars:


Innate Abilities, Weirdness & Mutations

You recuperate from illness quickly.
You are small and have problems with some larger weapons.
You are carnivorous and can eat meat at any time.
You can eat rotten meat.


Message History

The hobgoblin is almost dead.
The bat closely misses you.
You hit the hobgoblin.
You kill the hobgoblin!
Trog accepts your kill. The bat hits you but does no damage.
You closely miss the goblin. The bat barely misses you.
You closely miss the goblin. The bat barely misses you.
The goblin zaps a wand.
The bolt of negative energy hits you!
You feel drained.
* * * LOW HITPOINT WARNING * * *
You are too injured to fight recklessly!
You are too injured to fight recklessly!
You are too injured to fight recklessly!
The bat barely misses you.
You see here a club.
You barely miss the bat. The bat hits you.
* * * LOW HITPOINT WARNING * * *
The goblin zaps a wand.
The bolt of negative energy hits you!
You feel drained.
Ouch! That really hurt!
You die...

# #.......# .#
#.........# ..
.'.........'. #
#.[.......#
#.......#
#.....# #%gb#
#'# #@# #.#
##.##
####...###
#........#
#.##...#.#
#####.##..##...
..........# ###
#####.###.# #


You could see a goblin and a bat.

Vanquished Creatures
  The ghost of Rycklaryybbe the Poker, an average DsDK of Makhleb (D:3)
  2 ogres
  Ijyb (D:2)
  4 adders
  A giant mite (D:3)
  A worm (D:3)
  3 giant geckos
  5 orcs (D:3)
  3 giant cockroaches
  3 goblins
  6 hobgoblins
  2 jackals (D:1)
  5 kobolds
  8 bats
  3 giant newts
  4 rats
52 creatures vanquished.

Notes
Turn   | Place    | Note
--------------------------------------------------------------
     0 | D:1      | Rycklaryybbe, the Kobold Berserker, began the quest for the Orb.
     0 | D:1      | Reached XP level 1. HP: 14/14 MP: 0/0
   162 | D:1      | Reached XP level 2. HP: 19/19 MP: 1/1
   592 | D:1      | Reached skill level 5 in Short Blades
   938 | D:2      | Noticed Ijyb
   947 | D:2      | Killed Ijyb
   947 | D:2      | Reached XP level 3. HP: 23/24 MP: 2/2
   950 | D:2      | Acquired Trog's second power
  1358 | D:2      | Reached skill level 6 in Short Blades
  1358 | D:2      | Reached XP level 4. HP: 18/28 MP: 3/3
  1658 | D:2      | Noticed an ogre
  1669 | D:2      | Killed an ogre
  1669 | D:2      | Reached skill level 7 in Short Blades
  1669 | D:2      | Reached XP level 5. HP: 33/33 MP: 4/4
  2536 | D:3      | Noticed an ogre
  2546 | D:3      | Killed an ogre
  2546 | D:3      | Reached skill level 8 in Short Blades
  2546 | D:3      | Reached XP level 6. HP: 26/38 MP: 5/5
  2804 | D:3      | Noticed Rycklaryybbe's ghost (average DsDK)
  2820 | D:3      | Killed Rycklaryybbe's ghost
  2820 | D:3      | Reached skill level 9 in Short Blades
  2927 | D:3      | Reached XP level 7. HP: 36/42 MP: 6/6
  3049 | D:3      | Killed from afar by a goblin

Action                   |  1- 3 |  4- 6 |  7- 9 || total
-------------------------+-------+-------+-------++-------
Melee: Short sword       |    84 |   154 |    23 ||   261
Invok: Berserk           |     1 |     4 |       ||     5
  Use: Potion            |       |     1 |       ||     1
 Stab: Sleeping          |     1 |       |       ||     1
       Distracted        |       |     1 |       ||     1
